 Dungeon Crawl Stone Soup version 0.30.1-1-g62c8e00024 (webtiles) character file.

Game seed: 10033473375109926419

3264 Eryximachus the Transmogrifier (level 9, -2/109 (111) HPs)
             Began as a Pale Draconian Transmuter on July 14, 2023.
             Was a Believer of Makhleb.
             Slain by an orange demon (8 damage)
             ... summoned by an orc sorcerer
             ... in a bailey.
             The game lasted 00:43:07 (10120 turns).

Eryximachus the Transmogrifier (DrTm)              Turns: 10120, Time: 00:43:08

HP:   -2/109 (111)  AC: 24    Str: 14    XL:     9   Next: 68%
MP:   1/13          EV:  2    Int: 17    God:    Makhleb [**....]
Gold: 474           SH:  0    Dex: 11    Spells: 4/14 levels left

rFire   . . .        g - +0 dagger (venom)
rCold   . . .        (no shield)
rNeg    . . .        (body armour unavailable)
rPois   +            (helmet currently unavailable)
rElec   .            (cloak currently unavailable)
rCorr   .            (gloves currently unavailable)
SInv    .            (boots currently unavailable)
Will    .....        (no amulet)
Stlth   +            m - +5 ring of evasion
HPRegen 0.38/turn    (no ring)
MPRegen 0.13/turn

%: no passive effects
@: tree-form, wereblooded, spiked, hasted, lightly drained, very quick
A: stationary, stasis, torment immunity, boosted hp, (breathe steam), AC +7,
unfitting armour, (cold-blooded), (steam resistance)
a: Renounce Religion, Minor Destruction


You were in a bailey.
You worshipped Makhleb.
Makhleb was pleased with you.
You were a tree.
You visited 2 branches of the dungeon, and saw 9 of its levels.
You also visited: Bailey.

You collected 474 gold pieces.

Inventory:

Hand Weapons
 g - a +0 dagger of venom (weapon)
Missiles
 n - 28 poisoned darts (quivered)
 p - a throwing net
 r - 6 atropa-tipped darts
Armour
 B - a +0 pair of gloves
Jewellery
 e - a ring of protection from cold
 i - a ring of poison resistance
 m - a +5 ring of evasion (left branch)
 y - an amulet of the acrobat
 A - a ring of see invisible
Wands
 t - a wand of roots (9)
 w - a wand of flame (25)
Scrolls
 c - 2 scrolls of magic mapping
 d - a scroll of noise
 h - 2 scrolls of identify
 j - 2 scrolls of acquirement
 k - 4 scrolls of teleportation
 l - a scroll of enchant weapon
 o - a scroll of brand weapon {unknown}
 q - 2 scrolls of fear {unknown}
 x - 2 scrolls of immolation {unknown}
Potions
 a - 3 potions of lignification
 b - 5 potions of mutation
 s - a potion of flight
 u - a potion of magic
 z - a potion of attraction


   Skills:
 - Level 5.0 Fighting
 - Level 2.0 Dodging
 + Level 6.6 Unarmed Combat
 - Level 3.0 Spellcasting
 - Level 8.0 Transmutations
 - Level 5.0 Ice Magic
 - Level 4.0 Poison Magic
 + Level 3.4 Invocations
 - Level 3.0 Evocations


You had 4 spell levels left.
You knew the following spells:

 Your Spells              Type           Power      Damage    Failure   Level
a - Beastly Appendage     Tmut           58%        N/A       1%          1
b - Wereblood             Tmut           29%        N/A       1%          2
c - Spider Form           Tmut/Pois      22%        N/A       4%          3
d - Ice Form              Ice/Tmut       24%        N/A       12%         4

Your spell library contained the following spells:

 Spells                   Type           Power      Damage    Failure   Level
 Cigotuvi's Dreadful Rot  Necr/Pois/Air  14%        N/A       16%         2
 Foxfire                  Conj/Fire      8%         2x1d4     17%         1
 Dispel Undead            Necr           2%         3d7       86%         4
 Fireball                 Conj/Fire      1%         3d3       99%         5
 Death Channel            Necr           1%         N/A       100%        6
 Plasma Beam              Fire/Air       1%         2x1d12    100%        6
 Starburst                Conj/Fire      1%         6d3       100%        6


Dungeon Overview and Level Annotations

Branches:
Dungeon (8/15)             Temple (1/1) D:6          Bailey (1/1)
   Lair: D:8-11

Altars:
Ashenzari
Cheibriados
Dithmenos
Elyvilon
Gozag
Hepliaklqana
Kikubaaqudgha
Makhleb
Nemelex Xobeh
Okawaru
Sif Muna
Trog
Uskayaw
Vehumet
Xom
Yredelemnul
Zin
The Shining One

Shops:
D:1 =   D:2 =   D:7 [

Annotations:
D:3 2 transporters, ZoeForever1's ghost, amateur DrTm


Innate Abilities, Weirdness & Mutations

You are a tree.
Your roots penetrate the ground, keeping you stationary.
You cannot be teleported.
You are immune to unholy pain and torment.
Your maximum health is greatly increased.
Your equipment is partially melded.
((You can breathe blasts of scalding, opaque steam.))
((Your pale cyan-grey scales are hard. (AC +7)))
You cannot fit into any form of body armour.
((You are cold-blooded and may be slowed by cold attacks.))
((You are immune to the effects of steam.))


Message History

You resist with significant effort. The orange demon barely misses you.
The red devil hits you but does no damage.
You hit the orc sorcerer.
The orc sorcerer is severely wounded.
The orc warrior hits you but does no damage.
Unknown command.
You hit the orc sorcerer but do no damage.
The orc sorcerer is severely wounded.
The red devil hits you from afar with a +0 trident!
* * * LOW HITPOINT WARNING * * *
Barbed spikes become lodged in your body.
The orange demon stings you but does no damage.
The orc sorcerer casts a spell at you. The bolt of negative energy hits you.
You feel drained.
* * * LOW HITPOINT WARNING * * *
The orange demon stings you but does no damage.
You barely miss the orc sorcerer.
The orc sorcerer is severely wounded.
The orc warrior hits you but does no damage.
The orange demon stings you but does no damage.
The orc sorcerer hits you with a +0 war axe.
* * * LOW HITPOINT WARNING * * *
The orange demon stings you but does no damage.
The red devil hits you but does no damage.
Okay, then.
Aiming: Minor Destruction (3% risk of failure)
Press: ? - help, Shift-Dir - straight line, f - orc sorcerer
Aim: an orc sorcerer, wielding a +0 war axe and wearing a +0 ring mail (severely wounded)
The stone arrow hits the orc sorcerer!
The orc sorcerer is almost dead.
Unknown command.
Aiming: Minor Destruction (3% risk of failure)
Press: ? - help, Shift-Dir - straight line, f/p - orc sorcerer
Aim: an orc sorcerer, wielding a +0 war axe and wearing a +0 ring mail (almost dead)
The orc sorcerer easily resists.
The orc warrior hits you but does no damage.
The orange demon stings you but does no damage.
The orc sorcerer hits you but does no damage.
The orange demon stings you from afar!
You die...

........∩.)......'.#≈≈≈≈≈
..######.######..###≈≈≈≈≈
#[[ #.).#.))#....#≈≈≈≈≈
#o #...#.))#.)).#≈≈≈≈≈ #
###8)8###'##'#'#≈≈≈≈≈
..#...#...#..#.)≈≈≈≈≈
###'#8.8#'###..#.~≈≈≈≈≈
#4..#...#...#..#.~≈≈≈≈≈
#o..#o♣.#...#..#.~≈≈≈≈≈
#'####o####'#))#.~≈≈≈≈≈
#o...444....#'##.~≈≈≈≈≈
#.....o.....#..#.~≈≈≈≈≈
#...........#8.#.~≈≈≈≈≈
#...........#..#
#############8.#
#######.....#
#.....#...8.#


You could see 2 orange demons, an orc sorcerer, a red devil (summoned) and 2 orc
warriors.

Vanquished Creatures
  A kobold demonologist (Bailey)
  A vampire (D:4)
  Sigmund (D:2)
  5 orc warriors (Bailey)
  A sky beast (D:6)
  An ice beast (D:8)
  2 black bears
  An ogre (D:4)
  A kobold brigand (D:7)
  5 bullfrogs
  2 scorpions
  6 electric eels
  A howler monkey (D:5)
  3 jellies
  4 orc priests
  The ghost of spardeous the Digger, a weakling FeEE (D:4)
  3 hounds
  2 gnoll boudas (D:7)
  7 iguanas
  2 sleepcaps
  An orc wizard (D:7)
  4 adders
  16 gnolls
  2 shadow imps (D:5)
  2 white imps
  An ufetubus (D:6)
  2 worms
  A dart slug (D:1)
  24 orcs
  4 bats
  5 endoplasms
  5 giant cockroaches
  15 goblins
  17 hobgoblins
  9 jackals
  A quokka (D:1)
  4 ball pythons
  8 frilled lizards
  18 kobolds
  7 rats
196 creatures vanquished.

Notes
Turn   | Place    | Note
-------+----------+-------------------------------------------
     0 | D:1      | Eryximachus the Draconian Transmuter began the quest for
                  | the Orb.
     0 | D:1      | Reached XP level 1. HP: 16/16 MP: 3/3
   167 | D:1      | Reached XP level 2. HP: 23/23 MP: 3/5
   170 | D:1      | Learned a level 2 spell: Wereblood
   469 | D:1      | Reached XP level 3. HP: 29/29 MP: 6/6
   515 | D:1      | Found Falatz's Jewellery Shop.
   964 | D:2      | Noticed Sigmund
  1151 | D:2      | Found Qoij's Jewellery Shop.
  1179 | D:2      | Reached skill level 3 in Transmutations
  1335 | D:2      | Learned a level 3 spell: Spider Form
  1551 | D:3      | Noticed ZoeForever1's ghost (amateur DrTm)
  1552 | D:3      | Found a transporter.
  1553 | D:3      | Found a transporter.
  1595 | D:2      | Reached XP level 4. HP: 36/36 MP: 7/7
  2084 | D:4      | Found a broken altar of Ashenzari.
  2119 | D:4      | Found a runed translucent door.
  2119 | D:4      | Noticed spardeous's ghost (weakling FeEE)
  2130 | D:4      | Reached skill level 1 in Poison Magic
  2143 | D:4      | Killed spardeous's ghost
  2144 | D:4      | Reached XP level 5. HP: 32/41 MP: 4/9
  2283 | D:4      | Reached skill level 4 in Transmutations
  2407 | D:4      | Noticed an ogre
  2463 | D:4      | Learned a level 4 spell: Ice Form
  2465 | D:4      | Noticed a black bear
  2622 | D:4      | Reached XP level 6. HP: 40/48 MP: 3/10
  2638 | D:4      | Reached skill level 1 in Ice Magic
  2742 | D:5      | Entered Level 5 of the Dungeon
  3141 | D:5      | Noticed a vampire
  3693 | D:5      | Your scales start taking on a pale cyan-grey colour.
  3693 | D:5      | Reached XP level 7. HP: 53/55 MP: 2/11
  3693 | D:5      | Gained mutation: You are immune to the effects of steam.
                  | [Pale Draconian growth]
  4202 | D:5      | Reached skill level 5 in Transmutations
  4615 | D:5      | Found a hazy altar of Hepliaklqana.
  5229 | D:6      | Found a staircase to the Ecumenical Temple.
  5238 | Temple   | Entered the Ecumenical Temple
  5443 | Temple   | Became a worshipper of Makhleb the Destroyer
  5759 | D:6      | Reached skill level 5 in Ice Magic
  5759 | D:6      | Reached XP level 8. HP: 61/61 MP: 12/12
  5800 | D:6      | Reached skill level 6 in Transmutations
  6648 | D:3      | Reached * piety under Makhleb
  6936 | D:2      | Killed Sigmund
  7593 | D:6      | Reached skill level 7 in Transmutations
  7793 | D:7      | Reached skill level 5 in Unarmed Combat
  7798 | D:7      | Reached ** piety under Makhleb
  8167 | D:7      | Reached XP level 9. HP: 73/73 MP: 7/13
  8308 | D:7      | Reached skill level 5 in Fighting
  8975 | D:7      | Found a shimmering blue altar of Sif Muna.
  9405 | D:7      | Found Susanowo's Dragon-Slaying Spoils.
  9583 | D:8      | Found a flagged portal.
  9656 | Bailey   | Entered a bailey
  9717 | Bailey   | Reached skill level 8 in Transmutations
  9717 | Bailey   | Reached skill level 1 in Invocations
  9717 | Bailey   | Reached skill level 1 in Evocations
 10029 | Bailey   | Found an iron altar of Okawaru.
 10038 | Bailey   | Noticed a kobold demonologist
 10061 | Bailey   | Killed a kobold demonologist
 10067 | Bailey   | Noticed an orc sorcerer
 10103 | Bailey   | Noticed a red devil
 10104 | Bailey   | Noticed an orange demon
 10114 | Bailey   | Noticed an orange demon
 10120 | Bailey   | Slain by an orange demon

Illustrated notes

Levels and vault maps discovered:
D:1:      co_arrival_square_in_a_square_in_a_square, layout_basic, serial_shops,
          nicolae_shop_trees, minmay_three_crescents
D:2:      minmay_razor_zed, layout_rooms, serial_shops, nicolae_shop_waterfront,
          minmay_misc_feat_rugged, uniq_sigmund
D:3:      layout_rooms, gammafunk_ghost_smash
D:4:      layout_gridville, nicolae_overflow_hidden_temple,
          hellmonk_ghost_happy_afterlife, eino_tiny_chamber,
          chequers_serial_rivers_micro_d
D:5:      lemuel_ice_spiral_2, layout_basic, nzn_hepliaklqana_mist_gate,
          serial_park_tiny_pond, reono_crystal_passage,
          kennysheep_cross_bottleneck
D:6:      layout_rooms, lemuel_temple_firewalk_b
D:7:      layout_cave_pools, nicolae_sif_muna_little_library, serial_bayou,
          serial_bayou_pond_e, serial_bayou_shore_a, serial_bayou_lake_a,
          serial_bayou_lagoon_a, serial_bayou_crossing, serial_bayou_pond_e,
          nicolae_shop_dragon_depot, minivault_25, grunt_ministairs_9
D:8:      layout_gridville, enter_bailey_3, grunt_ministairs_5,
          serial_bayou_pond_d, st_stairs_11
Temple:   nicolae_temple_bog_church
Bailey:   bailey_axe_of_yendor_kennysheep, bailey

Skill      XL: |  1  2  3  4  5  6  7  8  9 |
---------------+----------------------------+-----
Dodging        | 2 |  2.0
Fighting       | 2 4 5 |  5.0
Transmutations | 3 4 5 7 8 |  8.0
Poison Magic   | 1 3 4 |  4.0
Spellcasting   | 3 |  3.0
Ice Magic      | 2 5 |  5.0
Unarmed Combat | 5 6 |  6.6
Invocations    | 3 |  3.4
Evocations     | 3 |  3.0

Action                     |  1- 3 |  4- 6 |  7- 9 || total
---------------------------+-------+-------+-------++-------
  Melee: Unarmed           |    60 |    31 |   250 ||   341
         Kick              |    13 |     5 |     1 ||    19
         Tailslap          |    10 |     8 |    16 ||    34
         Headbutt          |     8 |     5 |       ||    13
         Dagger            |    68 |    65 |   109 ||   242
         Punch             |     4 |       |     4 ||     8
  Throw: Stone             |     1 |       |     1 ||     2
   Cast: Beastly Appendage |    13 |     5 |     2 ||    20
         Wereblood         |     7 |    10 |    16 ||    33
         Spider Form       |       |     3 |     3 ||     6
         Ice Form          |       |     2 |    26 ||    28
 Invoke: Minor Destruction |       |       |     2 ||     2
Ability: Breathe Steam     |       |       |    10 ||    10
    Use: Scroll            |     3 |     4 |     4 ||    11
         Potion            |       |     3 |     4 ||     7
   Stab: Sleeping          |     2 |       |       ||     2
 Armour: Skin              |    36 |    21 |    88 ||   145
  Dodge: Dodged            |    67 |   114 |   283 ||   464
